 Dungeon Crawl Stone Soup version 0.27.1-2-g3b301248ec (webtiles) character file.

Game seed: 2231595792288163513

17056 Renzlar the Blocker (level 12, -2/97 HPs)
             Began as a Gnoll Fighter on Sept 29, 2021.
             Was a High Priest of Okawaru.
             Slain by a seven-headed hydra (5 damage)
             ... on level 1 of the Lair of Beasts on Oct 4, 2021.
             The game lasted 01:05:14 (18375 turns).

Renzlar the Blocker (Gnoll Fighter)                Turns: 18375, Time: 01:05:14

Health: -2/97      AC: 16    Str: 24    XL:     12   Next: 44%
Magic:  0/22       EV: 12    Int:  9    God:    Okawaru [*****.]
Gold:   819        SH: 12    Dex: 11    Spells: 25/25 levels left

rFire    x . .     SeeInvis +   m - +5 whip
rCold    + + +     Faith    .   n - +0 kite shield
rNeg     . . .     Spirit   +   u - +2 ring mail {rC+}
rPois    +         Reflect  .   f - +0 helmet
rElec    +         Harm     .   (no cloak)
rCorr    +         Rampage  .   r - +0 pair of gloves
Will     .....                  (no boots)
Stlth    +++.......             D - amulet of guardian spirit
HPRegen  0.26/turn              e - ring of Mah Xiw {rElec rCorr AC+4 Str+4}
MPRegen  0.18/turn              G - ring "Ysauquco" {*Slow rPois rF- rC+++ SInv}

@: no status effects
A: fangs 1, strong nose, distributed training
a: Renounce Religion, Heroism, Finesse


You were on level 1 of the Lair of Beasts.
You worshipped Okawaru.
Okawaru was extremely pleased with you.
You visited 2 branches of the dungeon, and saw 13 of its levels.

You collected 819 gold pieces.

Inventory:

Hand Weapons
 a - a +1 war axe
 c - the +4 hunting sling "Nunonk" {flame, rF+ Will++ Str+3 Int-5}
   (You found it on level 1 of the Lair of Beasts)

   Any ammunition fired from it burns those it strikes, dealing additional fire
   damage.
   Str:       It affects your strength (+3).
   Int:       It affects your intelligence (-5).
   rF:        It protects you from fire.
   Will:      It greatly increases your willpower.
 l - a +0 hand crossbow
 m - a +5 whip (weapon)
 t - a +0 dagger of electrocution
 w - a +4 double sword of protection
Missiles
 h - 55 poisoned darts
 i - 219 stones
 j - 90 bolts
 s - 69 sling bullets
 y - 11 curare-tipped darts (quivered)
Armour
 f - a +0 helmet (worn)
 n - a +0 kite shield (worn)
 r - a +0 pair of gloves (worn)
 u - a +2 ring mail of cold resistance (worn)
Jewellery
 b - a ring of flight
 e - the ring of Mah Xiw (left hand) {rElec rCorr AC+4 Str+4}
   (You acquired it on level 1 of the Dungeon)

   [ring of protection]

   AC:        It affects your AC (+4).
   Str:       It affects your strength (+4).
   rElec:     It insulates you from electricity.
   rCorr:     It protects you from acid and corrosion.
 D - an amulet of guardian spirit (around neck)
 G - the ring "Ysauquco" (right hand) {*Slow rPois rF- rC+++ SInv}
   (You acquired it on level 9 of the Dungeon)

   [ring of poison resistance]

   rF:        It makes you vulnerable to fire.
   rC:        It renders you almost immune to cold.
   rPois:     It protects you from poison.
   SInv:      It lets you see invisible.
   *Slow:     It may slow you when you take damage.
Wands
 p - a wand of paralysis (8)
 z - a wand of charming (5)
 H - a wand of mindburst (21)
Scrolls
 o - 3 scrolls of teleportation
 q - 5 scrolls of magic mapping
 x - 2 scrolls of amnesia
 F - a scroll of enchant armour
 I - 5 scrolls of identify
Potions
 d - 4 potions of resistance
 g - 2 potions of lignification
 k - 2 potions of magic
 v - 2 potions of invisibility
 A - a potion of cancellation
 C - 2 potions of curing
 E - 2 potions of flight
Miscellaneous
 B - a box of beasts (inert)


   Skills:
 + Level 9.8 Fighting
 + Level 7.3 Short Blades
 + Level 7.3 Long Blades
 + Level 8.7 Axes
 + Level 7.3 Maces & Flails
 + Level 7.3 Polearms
 + Level 7.3 Staves
 + Level 7.3 Slings
 + Level 7.3 Bows
 + Level 7.3 Crossbows
 + Level 7.3 Throwing
 + Level 9.8 Armour
 + Level 7.3 Dodging
 + Level 7.3 Stealth
 + Level 9.8 Shields
 + Level 7.3 Unarmed Combat
 + Level 7.3 Spellcasting
 + Level 6.0 Conjurations
 + Level 6.0 Hexes
 + Level 6.0 Summonings
 + Level 6.0 Necromancy
 + Level 6.0 Translocations
 + Level 6.0 Transmutations
 + Level 6.0 Fire Magic
 + Level 6.0 Ice Magic
 + Level 6.0 Air Magic
 + Level 6.0 Earth Magic
 + Level 6.0 Poison Magic
 + Level 8.0 Invocations
 + Level 7.3 Evocations


You had 25 spell levels left.
You didn't know any spells.
Your spell library contained the following spells:

 Spells                   Type           Power      Damage    Failure   Level
 Foxfire                  Conj/Fire      56%        2x1d6     4%          1
 Corpse Rot               Necr/Air       N/A        N/A       7%          2
 Poisonous Vapours        Pois/Air       28%        N/A       7%          2
 Slow                     Hex            14%        N/A       7%          2
 Static Discharge         Conj/Air       14%        N/A       7%          2
 Confusing Touch          Hex            14%        N/A       14%         3
 Conjure Flame            Conj/Fire      14%        6-21      14%         3
 Dazzling Flash           Conj/Hex       28%        N/A       14%         3
 Inner Flame              Hex/Fire       14%        N/A       14%         3
 Dispel Undead            Necr           14%        3d10      41%         4
 Hailstorm                Conj/Ice       14%        3d5       41%         4
 Ice Form                 Ice/Tmut       14%        N/A       41%         4
 Leda's Liquefaction      Hex/Erth       7%         N/A       41%         4
 Sticky Flame             Conj/Fire      14%        2d4       41%         4
 Agony                    Necr           14%        N/A       77%         5
 Bolt of Magma            Conj/Fire/Erth 7%         4d6       77%         5
 Freezing Cloud           Conj/Ice/Air   7%         6-21      77%         5
 Silence                  Hex/Air        7%         N/A       77%         5
 Yara's Violent Unravell  Hex/Tmut       7%         3d5       77%         5
 Simulacrum               Ice/Necr       7%         N/A       100%        6
 Statue Form              Tmut/Erth      9%         N/A       100%        6


Dungeon Overview and Level Annotations

Branches:
Dungeon (11/15)            Temple (0/1) D:4            Lair (2/6) D:11
    Orc (0/2) D:9
  Swamp: Lair:2-4    Shoals: Lair:2-4     Snake: Lair:2-4    Spider: Lair:2-4

Altars:
Hepliaklqana
Makhleb
Okawaru
Qazlal
Uskayaw
Wu Jian

Shops:
D:8 =

Portals:
Trove: D:11 (give +7 demon blade)


Innate Abilities, Weirdness & Mutations

You have very sharp teeth.
Your uncanny sense of smell can sniff out nearby items.
Your experience applies equally to all skills.


Message History

Unknown command.
You whack the seven-headed hydra! You bite the seven-headed hydra.
The seven-headed hydra is heavily wounded.
Unknown command.
You whack the seven-headed hydra!
The seven-headed hydra is heavily wounded.
You block the seven-headed hydra's attack. x2
The seven-headed hydra bites you.
* * * LOW HITPOINT WARNING * * *
You block the seven-headed hydra's attack.
The seven-headed hydra barely misses you.
The seven-headed hydra closely misses you.
The seven-headed hydra bites you.
* * * LOW HITPOINT WARNING * * *
Unknown command.
You hit the seven-headed hydra. You bite the seven-headed hydra.
The seven-headed hydra is severely wounded.
The seven-headed hydra bites you but does no damage.
You block the seven-headed hydra's attack.
The seven-headed hydra bites you but does no damage. x2
You block the seven-headed hydra's attack.
The seven-headed hydra bites you but does no damage.
The seven-headed hydra bites you.
* * * LOW HITPOINT WARNING * * *
Unknown command.
You barely miss the seven-headed hydra.
The seven-headed hydra is severely wounded.
The seven-headed hydra bites you but does no damage.
The seven-headed hydra closely misses you.
The seven-headed hydra misses you.
You block the seven-headed hydra's attack. x2
The seven-headed hydra closely misses you.
The seven-headed hydra bites you but does no damage.
Unknown command.
You hit the seven-headed hydra.
The seven-headed hydra is severely wounded.
The seven-headed hydra misses you.
You block the seven-headed hydra's attack.
The seven-headed hydra bites you!
You die...

...#..##.............#.........##
..#.................#...........#
..#..............................
.................................
..##...#.........................
##.#..................#.......†..
....<..##.#...............P#...P#
.......##.............#.........#
........#.#....D@....##).......##
............>.......###........##
..#........[=......## #########.#
.##########.......## ### ##
#########


You could see a seven-headed hydra.

Vanquished Creatures
  2 hydras
  3 two-headed ogres
  Urug (Lair:1)
  2 cyclopes (D:11)
  2 gargoyles
  A cane toad (Lair:1)
  5 komodo dragons (Lair:1)
  A guardian mummy (D:11)
  2 trolls (D:11)
  A hornet (D:9)
  A meliai zombie (D:11)
  Sigmund (D:3)
  6 yaks (D:9)
  A vampire (D:11)
  A wraith (D:11)
  2 basilisks
  A steam dragon (D:8)
  8 water moccasins
  3 orc warriors
  4 ice beasts
  A sky beast (D:7)
  3 necrophages
  2 ogres (D:4)
  4 wolves (D:11)
  3 centaurs
  A kobold brigand (D:9)
  2 gnoll sergeants
  8 bullfrogs
  2 scorpions
  A wyvern zombie (D:7)
  A water moccasin skeleton (D:6)
  10 killer bees
  7 wights
  10 electric eels
  A bullfrog zombie (D:6)
  9 centaur zombies
  A jelly (D:7)
  3 gnoll shamans
  6 orc priests
  5 hounds
  A bullfrog skeleton (D:5)
  9 iguanas
  8 orc wizards
  A killer bee zombie (D:7)
  A hound skeleton (D:3)
  A howler monkey zombie (D:7)
  23 gnolls
  3 adders
  2 shadow imps
  An ufetubus (D:3)
  2 adder skeletons
  2 worms
  3 dart slugs
  27 orcs
  7 endoplasms
  3 giant cockroaches
  14 goblins
  8 hobgoblins
  7 jackals
  4 quokkas (D:1)
  6 ball pythons
  4 bats
  4 frilled lizards
  14 kobolds
  3 rats
286 creatures vanquished.

Vanquished Creatures (collateral kills)
  2 yaks (Lair:1)
  A water moccasin (Lair:1)
3 creatures vanquished.

Vanquished Creatures (others)
  An orc wizard (D:3)
  4 plants (D:5)
5 creatures vanquished.

Grand Total: 294 creatures vanquished

Notes
Turn   | Place    | Note
-------+----------+-------------------------------------------
     0 | D:1      | Renzlar the Gnoll Fighter began the quest for the Orb.
     0 | D:1      | Reached XP level 1. HP: 23/23 MP: 1/1
     3 | D:1      | Noticed an electric eel
     4 | D:1      | Noticed an electric eel
   128 | D:1      | Reached XP level 2. HP: 29/29 MP: 2/2
   429 | D:1      | Reached XP level 3. HP: 32/35 MP: 3/3
   698 | D:1      | Identified a scroll of acquirement
   698 | D:1      | Acquired the ring of Mah Xiw {rElec rCorr AC+4 Str+4}
  1040 | D:2      | Reached skill level 1 in Invocations
  1091 | D:2      | Found a faded altar of an unknown god.
  1960 | D:3      | Reached skill level 1 in Short Blades
  1960 | D:3      | Reached skill level 1 in Long Blades
  1960 | D:3      | Reached skill level 1 in Maces & Flails
  1960 | D:3      | Reached skill level 1 in Polearms
  1960 | D:3      | Reached skill level 1 in Staves
  1960 | D:3      | Reached skill level 1 in Slings
  1960 | D:3      | Reached skill level 1 in Bows
  1960 | D:3      | Reached skill level 1 in Crossbows
  1960 | D:3      | Reached skill level 1 in Throwing
  1960 | D:3      | Reached skill level 1 in Dodging
  1960 | D:3      | Reached skill level 1 in Stealth
  1960 | D:3      | Reached skill level 1 in Unarmed Combat
  1960 | D:3      | Reached skill level 1 in Spellcasting
  1960 | D:3      | Reached skill level 1 in Evocations
  1960 | D:3      | Noticed Sigmund
  1989 | D:3      | Killed Sigmund
  1990 | D:3      | Reached skill level 1 in Conjurations
  1990 | D:3      | Reached skill level 1 in Hexes
  1990 | D:3      | Reached skill level 1 in Summonings
  1990 | D:3      | Reached skill level 1 in Necromancy
  1990 | D:3      | Reached skill level 1 in Translocations
  1990 | D:3      | Reached skill level 1 in Transmutations
  1990 | D:3      | Reached skill level 1 in Fire Magic
  1990 | D:3      | Reached skill level 1 in Ice Magic
  1990 | D:3      | Reached skill level 1 in Air Magic
  1990 | D:3      | Reached skill level 1 in Earth Magic
  1990 | D:3      | Reached skill level 1 in Poison Magic
  1990 | D:3      | Reached XP level 4. HP: 8/41 MP: 4/6
  1990 | D:3      | Reached XP level 5. HP: 9/47 MP: 4/7
  2322 | D:3      | Reached XP level 6. HP: 45/53 MP: 8/8
  2628 | D:3      | Reached skill level 5 in Axes
  2851 | D:3      | Found an iron altar of Okawaru.
  2877 | D:3      | Became a worshipper of Warmaster Okawaru
  3662 | D:4      | Reached XP level 7. HP: 55/59 MP: 10/10
  3932 | D:4      | Found a staircase to the Ecumenical Temple.
  5114 | D:5      | Entered Level 5 of the Dungeon
  5315 | D:5      | Reached XP level 8. HP: 54/67 MP: 12/12
  5577 | D:5      | Noticed a gargoyle
  5593 | D:5      | Killed a gargoyle
  5712 | D:5      | Reached * piety under Okawaru
  6562 | D:5      | Reached XP level 9. HP: 38/72 MP: 12/14
  7306 | D:6      | Reached ** piety under Okawaru
  8662 | D:7      | Reached skill level 5 in Invocations
  8806 | D:7      | Reached *** piety under Okawaru
  8903 | D:7      | Found a hazy altar of Hepliaklqana.
  9139 | D:8      | Reached XP level 10. HP: 75/80 MP: 15/17
  9475 | D:8      | Found Iwekarer's Jewellery Shop.
  9550 | D:8      | Reached skill level 5 in Short Blades
  9550 | D:8      | Reached skill level 5 in Long Blades
  9550 | D:8      | Reached skill level 5 in Maces & Flails
  9550 | D:8      | Reached skill level 5 in Polearms
  9550 | D:8      | Reached skill level 5 in Staves
  9550 | D:8      | Reached skill level 5 in Slings
  9550 | D:8      | Reached skill level 5 in Bows
  9550 | D:8      | Reached skill level 5 in Crossbows
  9550 | D:8      | Reached skill level 5 in Throwing
  9550 | D:8      | Reached skill level 5 in Dodging
  9550 | D:8      | Reached skill level 5 in Stealth
  9550 | D:8      | Reached skill level 5 in Unarmed Combat
  9550 | D:8      | Reached skill level 5 in Spellcasting
  9550 | D:8      | Reached skill level 5 in Evocations
  9898 | D:8      | Reached **** piety under Okawaru
 10094 | D:8      | You fall into a shaft and drop 3 floors!
 10523 | D:11     | Found a staircase to the Lair.
 10528 | D:11     | Noticed a cyclops
 10555 | D:11     | Killed a cyclops
 10680 | D:11     | Reached ***** piety under Okawaru
 10962 | D:11     | Reached XP level 11. HP: 87/87 MP: 19/19
 10998 | D:10     | Entered Level 10 of the Dungeon
 11010 | D:10     | Noticed a cyclops
 11010 | D:10     | Noticed a cyclops
 11010 | D:10     | Noticed a manticore
 11010 | D:10     | Noticed a boulder beetle
 11010 | D:10     | Noticed a wolf spider
 11010 | D:10     | Noticed a centaur warrior
 11011 | D:10     | Noticed an orc knight
 11021 | D:10     | Noticed a deep elf pyromancer
 11021 | D:10     | Noticed a white ugly thing
 11022 | D:10     | Noticed a deep elf pyromancer
 11032 | D:10     | Noticed a centaur warrior
 11304 | D:9      | Acquired the ring "Ysauquco" {*Slow rPois rF- rC+++ SInv}
 11710 | D:9      | Reached skill level 5 in Conjurations
 11710 | D:9      | Reached skill level 5 in Hexes
 11710 | D:9      | Reached skill level 5 in Summonings
 11710 | D:9      | Reached skill level 5 in Necromancy
 11710 | D:9      | Reached skill level 5 in Translocations
 11710 | D:9      | Reached skill level 5 in Transmutations
 11710 | D:9      | Reached skill level 5 in Fire Magic
 11710 | D:9      | Reached skill level 5 in Ice Magic
 11710 | D:9      | Reached skill level 5 in Air Magic
 11710 | D:9      | Reached skill level 5 in Earth Magic
 11710 | D:9      | Reached skill level 5 in Poison Magic
 12040 | D:9      | Found a staircase to the Orcish Mines.
 12655 | D:10     | Found a burning altar of Makhleb.
 12659 | D:10     | Found a hide-covered altar of Uskayaw.
 12659 | D:10     | Found a stormy altar of Qazlal.
 12659 | D:10     | Found an ornate altar of the Wu Jian Council.
 12912 | D:10     | Noticed a two-headed ogre
 12929 | D:10     | Killed a two-headed ogre
 12929 | D:10     | Received a gift from Okawaru
 13190 | D:10     | Noticed a two-headed ogre
 13208 | D:10     | Killed a two-headed ogre
 13385 | D:10     | Identified the +5 triple sword "Kemparao" {flame, Fly rPois
                  | rF+ Int-5} (Okawaru gifted it to you on level 10 of the
                  | Dungeon)
 13385 | D:10     | Received a gift from Okawaru
 15319 | D:11     | Noticed a two-headed ogre
 15334 | D:11     | Killed a two-headed ogre
 15642 | D:11     | HP: 4/89 [vampire/vampiric draining (8)]
 16010 | D:11     | Noticed a cyclops
 16026 | D:11     | Killed a cyclops
 16172 | D:11     | Noticed a seven-headed hydra
 16185 | D:11     | Killed a seven-headed hydra
 16186 | D:11     | Reached XP level 12. HP: 67/96 MP: 13/22
 16449 | D:11     | Found a portal to a secret trove of treasure.
 16793 | Lair:1   | Entered Level 1 of the Lair of Beasts
 16957 | Lair:1   | Identified the +4 hunting sling "Nunonk" {flame, rF+ Will++
                  | Str+3 Int-5}
 17081 | Lair:1   | Received a gift from Okawaru
 17526 | Lair:1   | Noticed a seven-headed hydra
 17536 | Lair:1   | Killed a seven-headed hydra
 18166 | Lair:2   | Noticed Urug
 18169 | Lair:2   | Noticed a seven-headed hydra
 18193 | Lair:1   | Killed Urug
 18373 | Lair:1   | HP: 3/97 [seven-headed hydra (2)]
 18375 | Lair:1   | Slain by a seven-headed hydra

Illustrated notes

Levels and vault maps discovered:
D:1:      arrival_aquarium_b, layout_basic, minmay_octomino_c4
D:2:      layout_basic, shapermc_ecumenical_altar_totnotflames
D:3:      layout_loops_corners, okawaru_gym_becter, grunt_decor_mini_mirrors,
          chequers_jeans, uniq_sigmund
D:4:      minmay_octagon_keep, layout_gridville, minmay_temple_entry_grid
D:5:      cheibrodos_two_vegetables, layout_basic,
          minmay_a_box_with_orc_wizards_in_it
D:6:      layout_rooms, serial_bayou_ford_a
D:7:      layout_basic, nicolae_hepliaklqana_hippocampus, grunt_decor_resistance
D:8:      layout_loops_corners, serial_shops, shop, grunt_ministairs_10
D:9:      layout_loops_corners, orc_0_dummy
D:10:     layout_basic, grunt_temple_overflow_open, minivault_12
D:11:     layout_basic, erik_lair_island, nicolae_trove_entry_path_of_doom,
          nzn_life_drinkers
Lair:1:   beast_lair_carwin_large_3, layout_gridlike
Lair:2:   layout_regular_city, uniq_urug

Skill      XL: |  1  2  3  4  5  6  7  8  9 10 11 12 |
---------------+-------------------------------------+-----
Invocations    | 1 2 3 4 5 6 7 8 |  8.0
Short Blades   | 1 2 3 4 5 6 7 |  7.3
Long Blades    | 1 2 3 4 5 6 7 |  7.3
Maces & Flails | 1 2 3 4 5 6 7 |  7.3
Polearms       | 1 2 3 4 5 6 7 |  7.3
Staves         | 1 2 3 4 5 6 7 |  7.3
Slings         | 1 2 3 4 5 6 7 |  7.3
Bows           | 1 2 3 4 5 6 7 |  7.3
Crossbows      | 1 2 3 4 5 6 7 |  7.3
Throwing       | 1 2 3 4 5 6 7 |  7.3
Dodging        | 1 2 3 4 5 6 7 |  7.3
Stealth        | 1 2 3 4 5 6 7 |  7.3
Unarmed Combat | 1 2 3 4 5 6 7 |  7.3
Spellcasting   | 1 2 3 4 5 6 7 |  7.3
Evocations     | 1 2 3 4 5 6 7 |  7.3
Conjurations   | 1 2 3 4 5 6 |  6.0
Hexes          | 1 2 3 4 5 6 |  6.0
Summonings     | 1 2 3 4 5 6 |  6.0
Necromancy     | 1 2 3 4 5 6 |  6.0
Translocations | 1 2 3 4 5 6 |  6.0
Transmutations | 1 2 3 4 5 6 |  6.0
Fire Magic     | 1 2 3 4 5 6 |  6.0
Ice Magic      | 1 2 3 4 5 6 |  6.0
Air Magic      | 1 2 3 4 5 6 |  6.0
Earth Magic    | 1 2 3 4 5 6 |  6.0
Poison Magic   | 1 2 3 4 5 6 |  6.0
Axes           | 5 6 7 8 |  8.7
Fighting       | 7 8 9 |  9.8
Armour         | 7 8 9 |  9.8
Shields        | 7 8 9 |  9.8

Action                   |  1- 3 |  4- 6 |  7- 9 | 10-12 || total
-------------------------+-------+-------+-------+-------++-------
Melee: War axe           |   102 |    85 |   278 |   311 ||   776
       Bite              |     5 |     7 |    32 |    95 ||   139
       Whip              |       |       |     6 |   298 ||   304
       Triple sword      |       |       |       |    22 ||    22
       Dagger            |       |       |       |     1 ||     1
       Double sword      |       |       |       |     1 ||     1
 Fire: Hunting sling     |    14 |    28 |   177 |   361 ||   580
       Hand crossbow     |       |       |       |    17 ||    17
Throw: Stone             |     1 |       |       |       ||     1
       Throwing net      |     1 |       |       |       ||     1
       Dart              |       |       |     8 |     6 ||    14
Invok: Heroism           |       |       |     1 |     3 ||     4
Evoke: Box of beasts     |       |       |       |     1 ||     1
       Wand              |       |       |       |     2 ||     2
  Use: Scroll            |     3 |     7 |     8 |     6 ||    24
       Potion            |     1 |       |     2 |     2 ||     5
 Stab: Distracted        |       |       |       |     2 ||     2
Armor: Scale mail        |    48 |    33 |       |       ||    81
       Ring mail         |       |     8 |   126 |   282 ||   416
       Skin              |       |       |     3 |       ||     3
Dodge: Dodged            |    30 |    35 |   146 |   336 ||   547
Block: Kite shield       |    55 |    40 |   197 |   434 ||   726
       Rpst.: Triple sword |       |       |       |     1 ||     1
